Khor, chaotic female orcish Ranger ----- |<..--- |.....---- ..|....|.- --...).--- ....o.| |@@..| --@.| Khor the Trailblazer Experience level: 6 Strength: 13 Dexterity: 11 Constitution: 15 Intelligence: 14 Wisdom: 14 Charisma: 8 Health: 0(38) Energy: 27(27) AC: 2 Gold: 686 Moves: 1486 Your Inventory: Coins $ - 686 gold pieces Weapons a - an uncursed +1 orcish dagger b - an uncursed +1 orcish bow (weapon in hand) c - 49 uncursed poisoned +2 orcish arrows (in quiver) d - 38 uncursed +0 orcish arrows s - an [uncursed +0] runed dagger [elven] I - 37 [uncursed +0] arrows J - a [cursed -1] dagger Armor e - an uncursed +2 cloak of displacement (being worn) t - an [uncursed] +0 elven mithril-coat (being worn) v - an [uncursed +0] pair of hard shoes [iron] w - an [uncursed +0] pair of hard shoes [iron] F - an [uncursed +0] pair of hard shoes [iron] Comestibles f - 3 uncursed cram rations g - 2 uncursed tripe rations h - 5 uncursed food rations i - an [uncursed stale] egg B - an uncursed partly eaten cram ration Rings r - an [uncursed +3] platinum ring [of protection] z - an [uncursed] engagement ring [of searching] Wands j - an [uncursed] wand of fire [0:4] Tools k - an [uncursed] lock pick y - 7 [uncursed tallow] candles D - 2 [uncursed wax] candles Spells known in the end: Name Level Category Fail Memory Your skills at the end: Fighting Skills Weapon Skills dagger [Basic / Expert] bow [Basic / Expert] Spellcasting Skills Final Attributes: You were devoutly aligned. Hunger level was 512. Your alignment was 16 / 17. Monster difficulty range was 0 - 5. Level difficulty was 5. You were immune to poison. You had automatic searching. You had infravision. You were displaced. Your luck was zero. You are dead. Vanquished creatures: a shrieker 5 gnome lords a kitten 4 dwarves 2 rothes a rabid rat a monkey an orc zombie an acid blob 2 hobbits a giant rat a red mold 22 gnomes a jackal a sewer rat 2 grid bugs 2 lichens a kobold zombie 3 newts 53 creatures vanquished. Voluntary challenges: You were an atheist. You were illiterate. You used a wielded weapon 72 times. You put on armor 3 times. You never genocided any monsters. You never polymorphed an object. You never changed form. You used no wishes. You never wrote Elbereth's name. You encountered 1 bones level. You never used any Sokoban shortcuts. Dungeon overview: The Dungeons of Doom: levels 1 to 3 Level 1 a long staircase Level 2 a scroll shop stairs to The Gnomish Mines The Gnomish Mines: levels 3 to 5 Level 3 stairs to The Dungeons of Doom Level 5 <- You were here History has recorded: On T:1 you entered the Dungeons of Doom to retrieve the Amulet of Yendor! On T:235 you reached level 2 of The Dungeons of Doom. On T:249 you advanced to experience level 2. On T:275 you reached level 1 of The Gnomish Mines. On T:330 you reached level 3 of The Dungeons of Doom. On T:482 you advanced to experience level 3. On T:634 you advanced to experience level 4. On T:946 you advanced to experience level 5. On T:1057 you reached level 2 of The Gnomish Mines. On T:1099 you advanced to experience level 6. On T:1460 you reached level 3 of The Gnomish Mines. Latest messages: You drop a dagger. You see here a very rotten partly drained gnome corpse. The Green-elf swings his runed broadsword. The Green-elf hits! You begin bashing monsters with your bare hands. You miss the Green-elf. The Green-elf swings his runed broadsword. The Green-elf hits! You hit the Green-elf. The Green-elf swings his runed broadsword. The Green-elf hits! b - an uncursed +1 orcish bow (weapon in hand). You have no secondary weapon readied. You shoot 2 poisoned orcish arrows. The 1st poisoned orcish arrow misses the Green-elf. The 2nd poisoned orcish arrow hits the Green-elf! The poisoned orcish arrow misses the Green-elf. The Green-elf swings his runed broadsword. The Green-elf hits! You die... Final status: Goodbye Khor the Ranger... You died in The Gnomish Mines on dungeon level 5 with 1928 points, and 686 pieces of gold, after 1486 moves. You were level 6 with a maximum of 38 hit points when you died.